 Dungeon Crawl Stone Soup version 0.21-a0-344-g2144152 (webtiles) character file.

51 tidbits the Scratcher (level 3, 0/15 HPs)
             Began as a Felid Transmuter on Oct 4, 2017.
             Killed from afar by Ijyb (10 damage)
             ... with a wand of flame (?/48)
             ... on level 3 of the Dungeon.
             The game lasted 00:04:01 (643 turns).

tidbits the Scratcher (Felid Transmuter)             Turns: 643, Time: 00:04:02

Health: 0/15       AC:  1    Str:  6    XL:     3   Next: 58%
Magic:  2/7        EV: 18    Int: 15    God:
Gold:   24         SH:  0    Dex: 16    Spells: 3/6 levels left
                                        Lives:  0   Deaths: 0

rFire    . . .     SeeInvis +     - Unarmed
rCold    . . .     Gourm    .   (shield unavailable)
rNeg     . . .     Faith    .   (armour unavailable)
rPois    .         Spirit   .   (helmet unavailable)
rElec    .         Reflect  .   (cloak unavailable)
rCorr    .         Harm     .   (gloves unavailable)
MR       .....                  (boots unavailable)
Stlth    +++.......             (no amulet)
HPRegen  0.05/turn              (no ring)
MPRegen  0.10/turn              (no ring)

@: appendage (expiring), quick
A: no armour, no weapons or thrown items, stealth, claws 1, fangs 3, horns 2,
see invisible, carnivore 3, speed 1, shaggy fur 1, slow metabolism 1, sharp paws
a: End Transformation


You were on level 3 of the Dungeon.
You were very full.
You had grown temporary horns.
You visited 1 branch of the dungeon, and saw 3 of its levels.

You collected 24 gold pieces.

Inventory:

Missiles
 a - 21 arrows
Wands
 d - a wand of confusion (8/48)
Scrolls
 f - a scroll of identify {unknown}
 g - 2 scrolls of fear {unknown}
 j - a scroll of blinking {unknown}
Potions
 e - a potion of haste {unknown}
 i - a potion of heal wounds {unknown}
 k - a potion of berserk rage {unknown}
Books
 b - a book of Changes

   Spells                             Type                      Level
   a - Beastly Appendage              Transmutation                1
   b - Sticks to Snakes               Transmutation                2
   c - Spider Form                    Transmutation/Poison         3
   d - Ice Form                       Ice/Transmutation            4
   e - Blade Hands                    Transmutation                5
Comestibles
 c - 2 meat rations
 h - 2 chunks of flesh


   Skills:
 - Level 1.3 Fighting
 - Level 3.0 Dodging
 * Level 2.7 Stealth
 + Level 3.4 Unarmed Combat
 - Level 2.1 Spellcasting
 - Level 2.4 Transmutations


You had 3 spell levels left.
You knew the following spells:

 Your Spells              Type           Power        Failure   Level  Hunger
e - Beastly Appendage     Tmut           #.....       8%          1    #......
k - Sticks to Snakes      Tmut           #.......     12%         2    ###....


Dungeon Overview and Level Annotations

Branches:
Dungeon (3/15)

Altars:

Annotations:
D:3 Ijyb


Innate Abilities, Weirdness & Mutations

You cannot wear armour.
You are incapable of wielding weapons or throwing items.
Your paws allow you to move quietly. (Stealth)
You have sharp claws.
You have razor-sharp teeth.
You have supernaturally acute eyesight. (SInv)
You are carnivorous and can eat meat at any time.
You cover ground quickly.
You are covered in fur. (AC +1)
You have a slow metabolism.
Your sharp claws are effective at attacking unaware monsters.
You have a pair of horns on your head.


Message History

Your ball python barely misses the jackal.
Your ball python constricts the jackal.
The jackal bites you.
Your ball python bites the jackal but does no damage.
Your ball python constricts the jackal.
You scratch the jackal.
You kill the jackal!
You closely miss the hobgoblin.
Your ball python barely misses the hobgoblin. x2
The hobgoblin hits you but does no damage.
You scratch the hobgoblin but do no damage.
Your ball python bites the hobgoblin but does no damage.
Your ball python completely misses the hobgoblin.
The hobgoblin completely misses you.
You barely miss the hobgoblin.
Your horns disappear.
Your ball python barely misses the hobgoblin. x2
The hobgoblin misses you.
You scratch the hobgoblin but do no damage.
Your ball python misses the hobgoblin.
Your ball python completely misses the hobgoblin.
Casting: Sticks to Snakes
Confirm with . or Enter, or press ? or * to list all spells.
You grow a pair of large bovine horns.
Your ball python barely misses the hobgoblin.
Your ball python grabs the hobgoblin.
Your ball python constricts the hobgoblin.
The hobgoblin closely misses you.
Your ball python bites the hobgoblin.
Your ball python constricts the hobgoblin.
You scratch the hobgoblin but do no damage.
The hobgoblin is severely wounded.
The hobgoblin misses you.
Your ball python barely misses the hobgoblin.
Your ball python constricts the hobgoblin.
The hobgoblin dies!
Unknown command.
The kobold throws a stone.
The stone hits you but does no damage. The kobold barely misses you.
You see here a club.
You closely miss the kobold. The kobold completely misses you.
You scratch the kobold. You bite the kobold.
You kill the kobold!
You see here 3 stones.
You see here a jackal corpse.
A giant cockroach comes into view.
You see here a jackal corpse.
Your transformation is almost over.
The giant cockroach closely misses you.
You scratch the giant cockroach.
Your headbutt misses the giant cockroach.
The giant cockroach is heavily wounded.
The giant cockroach bites you.
You scratch the giant cockroach.
You bite the giant cockroach, but do no damage.
The giant cockroach is almost dead.
The giant cockroach bites you but does no damage.
Your ball python barely misses the giant cockroach.
Your ball python completely misses the giant cockroach.
You barely miss the giant cockroach. You headbutt the giant cockroach.
You kill the giant cockroach!
Your horns disappear.
Found a metallic sapphire potion.
Your ball python withers and dies!
Magic restored.
k - a metallic sapphire potion
Found a stone staircase leading down.
There is a stone staircase leading down here.
You climb downwards. 2 goblins come into view.
The goblin shouts! x2; You hear a shout!
Found a scroll labeled DIWARAJEITA and a meat ration.
There is a stone staircase leading up here.
Casting: Beastly Appendage
Confirm with . or Enter, or press ? or * to list all spells.
You grow a pair of large bovine horns.
Casting: Beastly Appendage
Confirm with . or Enter, or press ? or * to list all spells.
You create a snake!
You now have 22 arrows.
A bat comes into view.
You scratch the goblin.
The goblin is severely wounded.
You scratch the goblin.
You kill the goblin!
Your transformation is almost over.
The bat closely misses you. The goblin barely misses you.
The bat completely misses you.
Your ball python bites the bat.
Your ball python closely misses the bat.
You scratch the bat.
You kill the bat!
The goblin misses you.
Ijyb the Twisted Goblin comes into view.
Casting: Sticks to Snakes
Confirm with . or Enter, or press ? or * to list all spells.
You create a snake!
You now have 21 arrows.
The goblin misses you.
Your ball python barely misses the goblin.
Your ball python closely misses the goblin.
You scratch the goblin. You headbutt the goblin.
You kill the goblin!
Ijyb zaps a wand.
The puff of flame hits you!
Ouch! That really hurt!
You die...

..... .....
...... ......
####
......######....
#.#...g.........
......†.........
......S@........
#.#.....<....##
#......S..##
#...?.....#
.....%.....#
#.#.........# .
#.........#
...........#
...........#


You could see Ijyb and 2 friendly ball pythons.

Vanquished Creatures
  An adder (D:2)
  An ooze (D:1)
  3 leopard geckos
  2 bats
  A giant cockroach (D:2)
  4 goblins
  A hobgoblin (D:1)
  9 jackals
  2 kobolds
  A rat (D:1)
25 creatures vanquished.

Vanquished Creatures (collateral kills)
  An adder (D:2)
  A hobgoblin (D:2)
  A rat (D:2)
3 creatures vanquished.

Grand Total: 28 creatures vanquished

Notes
Turn   | Place    | Note
-------+----------+-------------------------------------------
     0 | D:1      | tidbits the Felid Transmuter began the quest for the Orb.
     0 | D:1      | Reached XP level 1. HP: 9/9 MP: 4/4
    30 | D:1      | Reached XP level 2. HP: 11/12 MP: 6/6
    34 | D:1      | Learned a level 2 spell: Sticks to Snakes
    94 | D:2      | Reached skill level 3 in Dodging
   183 | D:2      | Reached skill level 1 in Stealth
   247 | D:1      | Reached XP level 3. HP: 8/15 MP: 5/7
   435 | D:1      | Reached skill level 2 in Stealth
   642 | D:3      | Noticed Ijyb
   643 | D:3      | Killed from afar by Ijyb

Vault maps used:
D:1:      nzn_arrival_crosshair
D:2:      lemuel_doored_altar, dk_xom_monty_hall
D:3:      grunt_temple_overflow_gold_and_silver, first_bread, uniq_ijyb

Skill      XL: |  1  2  3 |
---------------+----------+-----
Dodging        | 3 |  3.0
Stealth        | 1 2 |  2.7
Fighting       | |  1.3
Unarmed Combat | |  3.4
Spellcasting   | |  2.1
Transmutations | |  2.4

Action                   || total
-------------------------++-------
Melee: Unarmed           ||    85
       Headbutt          ||     8
       Bite              ||     5
 Cast: Beastly Appendage ||    13
       Sticks to Snakes  ||     7
Evoke: Wand              ||     3
 Stab: Sleeping          ||     2
  Eat: Chunk             ||     7
Armor: Skin              ||     2
Dodge: Dodged            ||    73

Table legend:
 A = Spawn XP
 B = Non-spawn XP
 C = Spawn XP percentage of total XP
 D = Spawn monster count
 E = Non-spawn monster count
 F = Spawn count percentage of total count
 G = Total turns spent on level
                    A         B        C        D         E        F      G
               +---------+---------+-------+---------+---------+-------+---------
         Total |       0 |      74 |   0.0 |       0 |      28 |   0.0 |   643
               +---------+---------+-------+---------+---------+-------+---------
           D:1 |       0 |      32 |   0.0 |       0 |      13 |   0.0 |   288
           D:2 |       0 |      37 |   0.0 |       0 |      12 |   0.0 |   347
           D:3 |       0 |       5 |   0.0 |       0 |       3 |   0.0 |     8
               +---------+---------+-------+---------+---------+-------+---------

Table legend:
 A = Turns spent in this place as a percentage of turns spent in the entire game.
 B = Non-inter-level travel turns spent in this place as a percentage of non-inter-level travel turns spent in the entire game.
 C = Inter-level travel turns spent in this place as a percentage of turns spent in this place.
 D = Turns resting spent in this place as a percentage of non-inter-level travel turns spent in this place.
 E = Turns spent auto-exploring this place as a percentage of non-inter-level travel turns spent in this place.
 F = Non-inter-level travel turns spent in this place divided by the number of levels of this place that you've seen.
                   A       B       C       D       E      F
               +-------+-------+-------+-------+-------+----------------------
         Total | 100.0 | 100.0 |   6.1 |   0.0 |   0.0 | 201.3
       Dungeon | 100.0 | 100.0 |   6.1 |   0.0 |   0.0 | 201.3
               +-------+-------+-------+-------+-------+----------------------

Table legend:
 A = Kills in this place as a percentage of kills in entire the game.
 B = Kills by you in this place as a percentage of kills by you in the entire game.
 C = Kills by friends in this place as a percentage of kills by friends in the entire game.
 D = Other kills in this place as a percentage of other kills in the entire game.
 E = Experience gained in this place as a percentage of experience gained in the entire game.
 F = Experience gained in this place divided by the number of levels of this place that you have seen.
                   A       B       C       D       E      F
               +-------+-------+-------+-------+-------+----------------------
         Total | 100.0 | 100.0 | 100.0 |   N/A | 100.0 |  24.7
       Dungeon | 100.0 | 100.0 | 100.0 |   N/A | 100.0 |  24.7
               +-------+-------+-------+-------+-------+----------------------

Vault maps used:
D:1:      nzn_arrival_crosshair
D:2:      lemuel_doored_altar, dk_xom_monty_hall
D:3:      grunt_temple_overflow_gold_and_silver, first_bread, uniq_ijyb
